 Dungeon Sprint DCSS version 0.21.2 (webtiles) character file.

22796 Fang the Severer (level 13, -7/97 HPs)
             Began as a Gargoyle Berserker on Dec 20, 2018.
             Was the Champion of Trog.
             Mangled by Rupert
             ... wielding a +1 triple sword of slicing
              (20 damage)
             ... in the Dungeon (Sprint VII: "The Pits").
             The game lasted 00:07:21 (3257 turns).

Fang the Severer (Gargoyle Berserker)               Turns: 3257, Time: 00:07:22

Health: -7/97      AC: 38    Str: 25    XL:     13   Next: 2%
Magic:  13/13      EV: 13    Int:  9    God:    Trog [******]
Gold:   26         SH:  0    Dex:  9    Spells: 12/12 levels left

rFire    . . .     SeeInvis .   u - +8 frozen axe "Frostbite" {freezing cloud, *Noise +Fly rC+}
rCold    + . .     Gourm    .   (shield currently unavailable)
rNeg     + . .     Faith    .   t - +9 plate armour
rPois    ∞         Spirit   .   (no helmet)
rElec    +         Reflect  .   (no cloak)
rCorr    .         Harm     .   (no gloves)
MR       .....     NoTele   +   (no boots)
Stlth    ..........             (no amulet)
HPRegen  0.26/turn              o - +3 ring of evasion
MPRegen  0.13/turn              r - +3 ring of protection

@: berserk cooldown, starving, glowing
A: negative energy resistance 1, electricity resistance, unbreathing,
petrification resistance, rot immunity, AC +9
a: Berserk, Trog's Hand, Brothers in Arms, Burn Spellbooks, Renounce Religion,
Evoke Flight


You were in the Dungeon.
You worshipped Trog.
Trog was exalted by your worship.
You were starving.

You visited 1 branch You collected 26 gold pieces.

Inventory:

Hand Weapons
 b - a +2 battleaxe of freezing
 m - a +0 hand axe of chopping
 n - a +7 antimagic executioner's axe
 s - a +1 antimagic executioner's axe
 u - the +8 frozen axe "Frostbite" (weapon) {freezing cloud, *Noise +Fly rC+}
   (Trog gifted it to you in the Dungeon)

   It has been specially enchanted to freeze those struck by it, causing extra
   injury to most foes and up to half again as much damage against particularly
   susceptible opponents.
   It can also slow down cold-blooded creatures.
   It protects you from cold.
   It lets you fly.
   It may make noises in combat.
Armour
 t - a +9 plate armour (worn)
Jewellery
 o - a +3 ring of evasion (left hand)
 r - a +3 ring of protection (right hand)
Scrolls
 i - 3 scrolls of blinking
 k - 3 scrolls of remove curse
 l - a scroll of summoning
 x - 2 scrolls of fog
Potions
 a - 2 potions of invisibility
 d - 8 potions of curing
 e - 5 potions of heal wounds
 f - 2 potions of haste
 g - 4 potions of magic
 h - 7 potions of berserk rage
 p - 3 potions of might
 q - a potion of resistance
 v - 3 potions of brilliance
Books
 z - a book of Death

   Spells                             Type                      Level
   a - Corpse Rot                     Necromancy                   2
   b - Sublimation of Blood           Necromancy                   2
   c - Agony                          Necromancy                   5
   d - Dispel Undead                  Necromancy                   5
   e - Excruciating Wounds            Charms/Necromancy            5
   f - Bolt of Draining               Conjuration/Necromancy       5
   Trog disapproves of the use of such an item.
Comestibles
 c - 10 rations


   Skills:
 + Level 18.0 Fighting
 + Level 20.5 Axes
 + Level 14.2 Armour
 + Level 7.4 Dodging
 + Level 2.0 Stealth


You had 12 spell levels left.
You didn't know any spells.

Dungeon Overview and Level Annotations

Branches:
Dungeon (1/1)

Altars:
Ashenzari
Cheibriados
Dithmenos
Elyvilon
Fedhas
Gozag
Hepliaklqana
Kikubaaqudgha
Makhleb
Nemelex Xobeh
Okawaru
Qazlal
Ru
Sif Muna
Trog
Uskayaw
Vehumet
Wu Jian
Xom
Yredelemnul
Zin
The Shining One
Beogh
Jiyva
Lugonu

Annotations:
D Eustachio, Rupert


Innate Abilities, Weirdness & Mutations

You are resistant to torment.
Your stone body is resilient. (AC +9)
You are immune to poison.
You resist negative energy. (rN+)
You are resistant to electric shocks. (rElec)
You can survive without breathing.
You are immune to petrification.
You are immune to rotting.


Message History

Rupert hits you with a triple sword of slicing!!
* * * LOW HITPOINT WARNING * * *
x2 Eustachio mumbles some strange words.
You cut Rupert into ribbons!!! You freeze Rupert.
Rupert is almost dead.
You hear an angry buzzing noise.
Rupert hits you but does no damage.
Unknown command.
Unknown command.
You feel much better. Rupert hits you but does no damage.
The daeva calls down the wrath of the Shining One upon you.
The Shining One smites you!
* * * LOW HITPOINT WARNING * * *
Unknown command.
Okay, then.
There isn't anything to butcher here.
Unknown command.
You are starving!
Rupert hits you with a triple sword of slicing!!
You die...

######################
#....................+
#.....(..............+
#..###)############..#
#..##.#H#†#:#A# #..#
#..#.#.#)#4#@# #..#
#..##)#H#y#y# #..#
#..#.#.#§#@# #..#
#..##.#.#@#y# #..#
#..################..#
####### .................#
_____.# .................#
_____.# ######''##########
___...###########''##########
#####'##................##..#
')))'.##......#..#......##..#
#####.##................''..#


You could see Rupert (berserk), a daeva, Eustachio, a harpy and a vampire
mosquito.

Vanquished Creatures
  A deep elf sorcerer (D)
  A deep elf annihilator (D)
  2 eidola (D)
  A great orb of eyes (D)
  A centaur warrior (D)
  A two-headed ogre (D)
  A vampire mage (D)
  A death yak (D)
  A deep elf knight (D)
  A fire crab (D)
  2 sea snakes (D)
  A deep troll (D)
  2 harpies (D)
  A lindwurm (D)
  2 deep elf magi (D)
  A cyclops (D)
  7 elephants (D)
  A spiny frog (D)
  A gargoyle (D)
  A freezing wraith (D)
  2 demonic crawlers (D)
  A wandering mushroom (D)
  A merfolk (D)
  2 wind drakes (D)
  A jumping spider (D)
  3 hippogriffs (D)
  2 redbacks (D)
  A water elemental (D)
  3 fire bats (D)
  A vampire (D)
  2 basilisks (D)
  3 yaks (D)
  Grum (D)
  A steam dragon (D)
  A hungry ghost (D)
  3 acid dragons (D)
  A water moccasin (D)
  A floating eye (D)
  A swamp drake (D)
  A black bear (D)
  A phantom (D)
  Purgy (D)
  A wolf (D)
  A crocodile (D)
  A big kobold (D)
  A bullfrog (D)
  3 killer bees (D)
  A jelly (D)
  An orc priest (D)
  A hound (D)
  3 orc wizards (D)
  An adder (D)
  An adder skeleton (D)
  3 orcs (D)
  A ball python (D)
  A bat zombie (D)
  2 hobgoblins (D)
  3 quokkas (D)
  A bat (D)
  A frilled lizard (D)
  2 leopard gecko zombies (D)
93 creatures vanquished.

Vanquished Creatures (collateral kills)
  2 flayed ghosts (D)
  A phantasmal warrior (D)
  A molten gargoyle (D)
  A guardian mummy (D)
  A polar bear (D)
  3 slime creatures (D)
  A killer bee (D)
10 creatures vanquished.

Vanquished Creatures (others)
  A bat (D)
  A jackal zombie (D)
2 creatures vanquished.

Grand Total: 105 creatures vanquished

Notes
Turn   | Place    | Note
-------+----------+-------------------------------------------
     0 | D        | Fang the Gargoyle Berserker began the quest for the Orb.
     0 | D        | Reached XP level 1. HP: 14/14 MP: 1/1
    53 | D        | Noticed a floating eye
    55 | D        | Paralysed by a floating eye for 4 turns
    60 | D        | Killed a floating eye
    60 | D        | Reached skill level 5 in Axes
    60 | D        | Reached XP level 2. HP: 17/24 MP: 2/2
    60 | D        | Reached XP level 3. HP: 20/28 MP: 3/3
    60 | D        | Reached XP level 4. HP: 25/34 MP: 4/4
    64 | D        | Reached ** piety under Trog
   162 | D        | Noticed Purgy
   170 | D        | Reached *** piety under Trog
   173 | D        | Killed Purgy
   173 | D        | Reached skill level 7 in Axes
   173 | D        | Reached XP level 5. HP: 20/39 MP: 5/5
   409 | D        | Found a bloodstained altar of Trog.
   409 | D        | Found a deep blue altar of Sif Muna.
   409 | D        | Found a viscous altar of Jiyva.
   409 | D        | Found a hazy altar of Hepliaklqana.
   409 | D        | Found an opulent altar of Gozag.
   410 | D        | Found a glowing golden altar of the Shining One.
   410 | D        | Found a glowing silver altar of Zin.
   410 | D        | Found a basalt altar of Yredelemnul.
   410 | D        | Found a shimmering altar of Xom.
   410 | D        | Found an ornate altar of the Wu Jian Council.
   410 | D        | Found a sacrificial altar of Ru.
   410 | D        | Found a stormy altar of Qazlal.
   410 | D        | Found an iron altar of Okawaru.
   410 | D        | Found a sparkling altar of Nemelex Xobeh.
   410 | D        | Found a burning altar of Makhleb.
   410 | D        | Found a blossoming altar of Fedhas.
   410 | D        | Found a white marble altar of Elyvilon.
   410 | D        | Found a shadowy altar of Dithmenos.
   410 | D        | Found a snail-covered altar of Cheibriados.
   411 | D        | Found a radiant altar of Vehumet.
   411 | D        | Found a corrupted altar of Lugonu.
   411 | D        | Found a roughly hewn altar of Beogh.
   412 | D        | Found a hide-covered altar of Uskayaw.
   412 | D        | Found an ancient bone altar of Kikubaaqudgha.
   412 | D        | Found a shattered altar of Ashenzari.
   438 | D        | Noticed a fire bat
   440 | D        | Noticed a black bear
   446 | D        | Killed a fire bat
   446 | D        | Reached **** piety under Trog
   446 | D        | Reached skill level 8 in Axes
   446 | D        | Reached skill level 5 in Armour
   446 | D        | Reached XP level 6. HP: 48/48 MP: 6/6
   459 | D        | Killed a black bear
   459 | D        | Reached skill level 10 in Fighting
   459 | D        | Reached skill level 5 in Dodging
   459 | D        | Reached XP level 7. HP: 51/52 MP: 7/7
   478 | D        | Reached skill level 9 in Axes
   628 | D        | Noticed a hungry ghost
   636 | D        | Killed a hungry ghost
   647 | D        | Reached ***** piety under Trog
   650 | D        | Noticed Grum
   660 | D        | Killed Grum
   660 | D        | Reached skill level 10 in Axes
   660 | D        | Reached XP level 8. HP: 20/60 MP: 8/8
   973 | D        | Noticed a gargoyle
   984 | D        | Killed a gargoyle
   984 | D        | Reached skill level 11 in Axes
  1166 | D        | Noticed a jumping spider
  1169 | D        | Killed a jumping spider
  1169 | D        | Received a gift from Trog
  1177 | D        | Noticed a demonic crawler
  1177 | D        | Noticed a yak
  1177 | D        | Noticed a yak
  1177 | D        | Noticed a yak
  1187 | D        | Killed a yak
  1187 | D        | Reached XP level 9. HP: 66/66 MP: 9/9
  1189 | D        | Reached skill level 12 in Axes
  1193 | D        | Noticed a vampire mage
  1193 | D        | Killed a demonic crawler
  1193 | D        | Reached ****** piety under Trog
  1197 | D        | Killed a vampire mage
  1197 | D        | Received a gift from Trog
  1197 | D        | Reached skill level 13 in Axes
  1235 | D        | Received a gift from Trog
  1236 | D        | Noticed a demonic crawler
  1239 | D        | Noticed a flayed ghost
  1240 | D        | Noticed a flayed ghost
  1245 | D        | Killed a demonic crawler
  1245 | D        | Reached XP level 10. HP: 50/74 MP: 10/10
  1253 | D        | Killed a flayed ghost
  1253 | D        | Reached skill level 14 in Axes
  1254 | D        | Noticed a molten gargoyle
  1254 | D        | Killed a flayed ghost
  1260 | D        | Killed a molten gargoyle
  1266 | D        | Killed an enormous slime creature
  1266 | D        | Reached skill level 15 in Axes
  1396 | D        | Noticed a cyclops
  1405 | D        | Killed a cyclops
  1544 | D        | Noticed a phantasmal warrior
  1553 | D        | Killed a phantasmal warrior
  1553 | D        | Reached skill level 15 in Fighting
  1553 | D        | Reached skill level 10 in Armour
  1554 | D        | Received a gift from Trog
  1763 | D        | Reached XP level 11. HP: 24/81 MP: 3/11
  1768 | D        | HP: 1/121 [something (7)]
  1770 | D        | Received a gift from Trog
  1770 | D        | Reached skill level 16 in Axes
  2227 | D        | Received a gift from Trog
  2228 | D        | Found the +8 frozen axe "Frostbite" {freezing cloud, *Noise +Fly rC+}
  2238 | D        | Reached skill level 17 in Axes
  2242 | D        | Received a gift from Trog
  2732 | D        | Noticed a sea snake
  2732 | D        | Noticed a great orb of eyes
  2732 | D        | Noticed a lindwurm
  2738 | D        | Killed a great orb of eyes
  2741 | D        | Killed a sea snake
  2741 | D        | Received a gift from Trog
  2741 | D        | Reached skill level 18 in Axes
  2741 | D        | Killed a lindwurm
  2774 | D        | Noticed a sea snake
  2776 | D        | Noticed an eidolon
  2781 | D        | Killed a sea snake
  2786 | D        | Killed an eidolon
  2786 | D        | Reached XP level 12. HP: 80/90 MP: 12/12
  2946 | D        | Noticed a death yak
  2953 | D        | Received a gift from Trog
  2953 | D        | Reached skill level 1 in Stealth
  2955 | D        | Killed a death yak
  3204 | D        | Noticed a centaur warrior
  3204 | D        | Noticed Rupert
  3205 | D        | Noticed a deep elf knight
  3205 | D        | Noticed a two-headed ogre
  3206 | D        | Reached skill level 19 in Axes
  3212 | D        | Noticed an eidolon
  3214 | D        | Killed a deep elf knight
  3214 | D        | Received a gift from Trog
  3217 | D        | Killed a centaur warrior
  3218 | D        | Noticed a deep elf annihilator
  3222 | D        | Killed an eidolon
  3226 | D        | Killed a two-headed ogre
  3226 | D        | Received a gift from Trog
  3226 | D        | Reached skill level 20 in Axes
  3227 | D        | Killed a deep elf annihilator
  3236 | D        | Noticed a deep elf sorcerer
  3238 | D        | Killed a deep elf sorcerer
  3243 | D        | Reached XP level 13. HP: 58/97 MP: 13/13
  3250 | D        | Noticed a daeva
  3250 | D        | Noticed Eustachio
  3254 | D        | Received a gift from Trog
  3257 | D        | Mangled by Rupert

Skill      XL: |  1  2  3  4  5  6  7  8  9 10 11 12 13 |
---------------+----------------------------------------+-----
Fighting       | 7 8 9 10 11 12 13 15 16 17 18 | 18.0
Axes           | 5 7 8 10 11 13 15 18 20 | 20.5
Armour         | 3 4 5 6 7 8 10 12 14 | 14.2
Dodging        | 3 4 5 6 7 |  7.4
Stealth        | 2 |  2.0

Action                   |  1- 3 |  4- 6 |  7- 9 | 10-12 | 13-15 || total
-------------------------+-------+-------+-------+-------+-------++-------
Melee: Hand axe          |     6 |    42 |    62 |       |       ||   110
       Battleaxe         |       |       |    27 |     6 |       ||    33
       Broad axe         |       |       |     1 |       |       ||     1
       Executioner's axe |       |       |       |   123 |     5 ||   128
Invok: Berserk           |       |     2 |     2 |     3 |       ||     7
       Brothers in Arms  |       |       |       |     3 |     1 ||     4
  Use: Potion            |       |       |       |     2 |     1 ||     3
       Scroll            |       |       |       |     8 |       ||     8
  Eat: Ration            |       |       |     1 |       |       ||     1
       Chunk             |       |       |     3 |     8 |       ||    11
Armor: Animal skin       |       |    18 |       |       |       ||    18
       Chain mail        |       |    17 |    25 |       |       ||    42
       Plate armour      |       |       |    45 |   167 |    23 ||   235
Dodge: Dodged            |     5 |    44 |    59 |   104 |    16 ||   228
